 Dungeon Crawl Stone Soup version 0.31-a0-175-g9f7f995f2b (webtiles) character file.

Game seed: 2279181675713523191

80926 Zonian the Brawler (level 15, -5/85 (90) HPs)
             Began as a Vine Stalker Gladiator on June 17, 2023.
             Was a High Priest of Uskayaw.
             Killed from afar by an orc sorcerer (25 damage)
             ... with a bolt of negative energy
             ... on level 2 of the Orcish Mines.
             The game lasted 00:56:38 (22715 turns).

Zonian the Brawler (Vine Stalker Gladiator)        Turns: 22715, Time: 00:56:39

HP:   -5/85 (90)    AC:  6    Str: 22    XL:     15   Next: 68%
MP:   0/23          EV: 17    Int: 10    God:    Uskayaw [*****.]
Gold: 1057          SH: 11    Dex: 16    Spells: 20/23 levels left

rFire   + .          .
                       - Unarmed
rCold   + . .        a - +2 buckler
rNeg    . . .        G - +0 scale mail {rF+}
rPois   .            b - +2 helmet
rElec   .            t - +2 cloak
rCorr   .            D - +2 pair of gloves
SInv    .            w - +2 pair of boots
Will    +....        v - amulet of reflection
Stlth   +++          W - +5 ring of evasion
HPRegen 1.14/turn    M - ring of protection from cold
MPRegen 0.18/turn

%: reflection, guardian spirit
@: corroded, drained
A: fangs 3, regeneration 1, magic shield, antimagic bite, no potion heal 2
a: Renounce Religion, Stomp, Line Pass, Grand Finale


You were on level 2 of the Orcish Mines.
You worshipped Uskayaw.
Uskayaw was noncommittal.
You visited 3 branches of the dungeon, and saw 22 of its levels.

You collected 2554 gold pieces.
You spent 1497 gold pieces at shops.

Inventory:

Missiles
 d - 5 javelins
 u - 41 poisoned darts (quivered)
 x - a curare-tipped dart
 E - a throwing net
 L - 9 boomerangs
Armour
 a - a +2 buckler (worn)
 b - a +2 helmet (worn)
 p - +0 steam dragon scales
 t - a +2 cloak (worn)
 w - a +2 pair of boots (worn)
 D - a +2 pair of gloves (worn)
 G - a +0 scale mail of fire resistance (worn)
Jewellery
 c - a ring of see invisible
 f - a ring of protection from fire
 v - an amulet of reflection (around neck)
 M - a ring of protection from cold (right hand)
 V - an amulet of regeneration
 W - a +5 ring of evasion (left hand)
Wands
 k - a wand of charming (7)
 l - a wand of iceblast (4)
 r - a wand of flame (40)
 F - a wand of polymorph (13)
 J - a wand of digging (15)
 X - a wand of light (4)
Scrolls
 e - a scroll of revelation
 h - 9 scrolls of teleportation
 i - 3 scrolls of immolation
 n - 3 scrolls of torment
 o - 3 scrolls of amnesia
 y - 6 scrolls of fog
 z - 3 scrolls of enchant weapon
 N - a scroll of butterflies
 O - 2 scrolls of blinking
 Q - a scroll of identify
 U - 4 scrolls of fear
Potions
 j - 13 potions of curing
 m - 6 potions of brilliance
 q - 2 potions of cancellation
 s - a potion of haste {unknown}
 B - 4 potions of might
 C - a potion of mutation
 I - 2 potions of berserk rage
 K - 2 potions of resistance
 P - 5 potions of ambrosia
 R - 2 potions of attraction
 S - a potion of invisibility {unknown}
 Y - a potion of lignification
Miscellaneous
 g - a lightning rod (3/4)
 A - a phantom mirror
 H - a tin of tremorstones (2/2)
 T - a sack of spiders
 Z - a phial of floods


   Skills:
 + Level 15.2 Fighting
 - Level 3.0 Throwing
 - Level 6.0 Dodging
 - Level 8.0 Stealth
 + Level 2.1 Shields
 + Level 16.6 Unarmed Combat
 + Level 4.7 Spellcasting
 + Level 4.7 Air Magic
 + Level 6.5 Invocations
 - Level 6.0 Evocations


You had 20 spell levels left.
You knew the following spells:

 Your Spells              Type           Power      Damage    Failure   Level
a - Swiftness             Air            11%        N/A       34%         3

Your spell library contained the following spells:

 Spells                   Type           Power      Damage    Failure   Level
 Shock                    Conj/Air       28%        1d4       30%         1
 Apportation              Tloc           4%         N/A       63%         1
 Summon Small Mammal      Summ           8%         N/A       63%         1
 Airstrike                Air            5%         2d(1-17)  75%         4
 Call Canine Familiar     Summ           2%         N/A       94%         3
 Dazzling Flash           Conj/Hex       4%         N/A       94%         3
 Portal Projectile        Hex/Tloc       4%         N/A       94%         3
 Summon Guardian Golem    Hex/Summ       2%         N/A       94%         3
 Tukima's Dance           Hex            2%         N/A       94%         3
 Leda's Liquefaction      Hex/Erth       1%         N/A       100%        4
 Agony                    Necr           2%         N/A       100%        5
 Alistair's Intoxication  Tmut/Pois      1%         N/A       100%        5
 Blade Hands              Tmut           1%         N/A       100%        5
 Lee's Rapid Deconstruct  Erth           1%         3d4*      100%        5
 Silence                  Hex/Air        3%         N/A       100%        5
 Leda's Unmaking          Conj/Erth      1%         9d1       100%        6
 Statue Form              Tmut/Erth      1%         N/A       100%        6


Dungeon Overview and Level Annotations

Branches:
Dungeon (15/15)            Temple (0/1) D:7            Lair (5/5) D:9
  Swamp (0/4) Lair:2        Snake (0/4) Lair:2        Slime (0/5) Lair:4
    Orc (2/2) D:12            Elf (0/3) Orc:2        Vaults (0/5) D:14
 Depths (0/4) D:15

Altars:
Elyvilon
Fedhas
Hepliaklqana
Kikubaaqudgha
Sif Muna
Trog
Uskayaw
Xom
Yredelemnul
Zin
The Shining One
Jiyva

Shops:
D:5 !   D:10 =   D:14 [   Orc:2 :*!

Annotations:
Lair:1 2 transporters, frimble's ghost, journeyman OpWr
Lair:4 exclusion: 6 oklob plants
Lair:5 exclusion: oklob plant


Innate Abilities, Weirdness & Mutations

You have razor-sharp teeth.
Your natural rate of healing is unusually fast.
When hurt, damage is shared between your health and your magic reserves.
Your bite disrupts and absorbs the magic of your enemies.
Potions cannot restore your health.


Message History

Aim: an orc knight, wielding a +0 long sword and wearing a +0 chain mail (translocational energy, heavily wounded, strong)
The thunderbolt hits the orc sorcerer!
The orc sorcerer is heavily wounded.
The thunderbolt hits the orc knight!
The orc knight is severely wounded.
You hear a shout! x4
You can now merge with and destroy a victim.
Aiming: Iceblast
Press: ? - help, Shift-Dir - straight line, f/p - orc knight
Aim: an orc knight, wielding a +0 long sword and wearing a +0 chain mail (severely wounded, strong)
The mass of ice explodes!
The iceblast engulfs the orc knight!
The orc knight is heavily wounded.
The iceblast engulfs the orc knight!!
The orc knight is almost dead.
You hear a shout!
The orc knight is no longer sharing its pain.
You hear a shout! x2
Unknown command.
Aiming: Bolt of Light
Press: ? - help, Shift-Dir - straight line, f/p - orc knight
Aim: an orc knight, wielding a +0 long sword and wearing a +0 chain mail (almost dead, strong, 71% to hit)
The bolt of light hits the orc knight!!
The orc knight is almost dead.
The orc knight is blinded.
The bolt of light misses the orc knight.
The bolt of light hits the orc sorcerer!
The orc sorcerer is severely wounded.
The orc sorcerer is blinded.
The orc sorcerer points at you and mumbles some strange words.
The bolt of negative energy hits the orc knight!!
The orc knight is drained!
The orc knight dies!
The bolt of negative energy misses you.
You hit the orc knight. You bite the orc knight.
You kill the orc knight!
Unknown command.
An orc sorcerer comes into view.
It is wielding a +0 dagger and wearing a +2 robe of cold resistance.
The orc sorcerer points at you and mumbles some strange words.
The bolt of negative energy hits you!!
You feel drained.
You die...

... ##..#...=.# ### ...o
##.....#.∩## ###.####.#.#
##....#...### #.....# #...#
##...#.)..###. ....#.####...#
##..).....###.. #.#.....###..)##
##.).###))###...
##.......###...###...###))###....
##........###.)o#...###))####..#.
...........###.#@#.###))###......
............###.).###))###.......
.#...........###.###))###........
.##...........#####.)###.......#.
...#...........###.)###..........
................#...##...........
##.#.............................
#................................
#......))........................


You could see 2 orc sorcerers.

Vanquished Creatures
  Jorgrun (Orc:2)
  Donald (Orc:2)
  A stone giant (D:15)
  6 hydras
  Harold (Orc:1)
  8 centaur warriors
  5 boulder beetles
  2 catoblepae
  An anaconda (Lair:5)
  5 two-headed ogres
  4 tengu warriors
  A death yak (Lair:3)
  An orc high priest (Orc:1)
  Nergalle (D:11)
  9 slime creatures
  A bog body (Lair:2)
  Pikel (D:7)
  2 deep elf zephyrmancers (D:14)
  3 deep elf pyromancers
  2 manticores
  4 cyclopes
  4 orc knights
  An orc sorcerer (Orc:2)
  A rust devil (Orc:2)
  4 ugly things
  2 centaur zombies (D:10)
  A guardian serpent (shapeshifter) (D:15)
  11 elephants
  4 black mambas
  A torpor snail (Lair:3)
  2 smoke demons (Orc:2)
  Maggie (D:6)
  5 cane toads
  An unseen horror (D:10)
  4 rime drakes
  8 komodo dragons
  3 unseen horror zombies (D:10)
  2 kobold demonologists
  A yaktaur (D:15)
  6 trolls
  4 raiju (Lair:5)
  11 polar bears
  7 dream sheep (Lair:5)
  7 blink frogs (Lair:4)
  A meliai zombie (D:10)
  A centaur simulacrum (D:15)
  A shadow (D:11)
  A ynoxinul (Orc:2)
  3 basilisks
  54 yaks
  3 wyverns
  A vampire (D:14)
  3 wraiths
  A chaos spawn (Orc:2)
  2 steam dragons
  3 vampire mosquitoes (D:15)
  4 wargs (Lair:5)
  6 nagas (Lair:2)
  13 hell hounds (Lair:5)
  11 water moccasins
  24 orc warriors
  A sky beast (D:6)
  3 ice beasts
  13 black bears
  7 ogres
  19 wolves
  8 centaurs
  A phantom (D:7)
  2 lemures (D:7)
  4 kobold brigands
  11 bullfrogs
  2 necrophages (D:10)
  2 gnoll sergeants
  2 scorpions (D:6)
  8 wights
  4 killer bees (D:10)
  5 electric eels
  7 howler monkeys
  A lava snake (D:13)
  2 hounds
  2 jellies
  23 orc priests
  3 gnoll boudas
  A human zombie (D:10)
  Crazy Yiuf (D:2)
  2 sleepcaps
  4 iguanas
  20 orc wizards
  Terence (D:2)
  3 mummies (D:10)
  8 adders
  34 gnolls
  3 white imps
  5 dart slugs
  73 orcs
  7 endoplasms
  4 giant cockroaches
  3 goblins
  15 hobgoblins
  A quokka (D:4)
  5 ball pythons
  7 bats
  7 frilled lizards
  16 kobolds
  4 rats
637 creatures vanquished.

Vanquished Creatures (others)
  Nessos (Lair:4)
  An orc knight (Orc:2)
  A yak (D:9)
  An orc wizard (Orc:2)
  A shadow imp (D:6)
  A white imp (D:6)
  2 kobolds (D:6)
8 creatures vanquished.

Grand Total: 645 creatures vanquished

Notes
Turn   | Place    | Note
-------+----------+-------------------------------------------
     0 | D:1      | Zonian the Vine Stalker Gladiator began the quest for the
                  | Orb.
     0 | D:1      | Reached XP level 1. HP: 11/11 MP: 2/2
   110 | D:1      | Reached XP level 2. HP: 12/15 MP: 3/3
   432 | D:1      | Reached XP level 3. HP: 17/18 MP: 2/4
  1310 | D:2      | Found a runed translucent door.
  1311 | D:2      | Noticed Crazy Yiuf
  1325 | D:2      | Killed Crazy Yiuf
  1326 | D:2      | Gained mutation: Your natural rate of healing is unusually
                  | fast. [Vine Stalker growth]
  1326 | D:2      | Reached XP level 4. HP: 13/23 MP: 1/5
  1541 | D:2      | Found Cotimeico's Assorted Antiques.
  1584 | D:2      | Noticed Terence
  1605 | D:2      | Killed Terence
  1735 | D:2      | Reached XP level 5. HP: 27/27 MP: 6/6
  2415 | D:3      | Found a hide-covered altar of Uskayaw.
  2431 | D:3      | Became a worshipper of Uskayaw the Reveller
  2526 | D:3      | Reached * piety under Uskayaw
  2530 | D:3      | Reached ** piety under Uskayaw
  2538 | D:3      | Reached *** piety under Uskayaw
  2539 | D:3      | Reached skill level 4 in Unarmed Combat
  2700 | D:3      | Found a faded altar of an unknown god.
  3105 | D:3      | Reached XP level 6. HP: 32/32 MP: 7/7
  3598 | D:4      | Reached **** piety under Uskayaw
  3856 | D:4      | Found a shimmering blue altar of Sif Muna.
  3977 | D:4      | Found an ancient bone altar of Kikubaaqudgha.
  4176 | D:4      | Reached skill level 5 in Unarmed Combat
  4176 | D:4      | Reached XP level 7. HP: 37/37 MP: 8/8
  4285 | D:5      | Entered Level 5 of the Dungeon
  4425 | D:5      | Reached ***** piety under Uskayaw
  4538 | D:5      | Found Qoiskam's Distillery.
  4543 | D:5      | Bought a potion of curing for 39 gold pieces
  4543 | D:5      | Bought a potion of curing for 39 gold pieces
  4543 | D:5      | Bought a potion of curing for 39 gold pieces
  4616 | D:5      | Reached skill level 5 in Fighting
  4616 | D:5      | Reached skill level 6 in Unarmed Combat
  4652 | D:5      | Gained mutation: You have razor-sharp teeth. [Vine Stalker
                  | growth]
  4652 | D:5      | Reached XP level 8. HP: 30/43 MP: 5/9
  5480 | D:6      | Reached skill level 7 in Unarmed Combat
  6123 | D:6      | Noticed Maggie
  6133 | D:6      | Killed Maggie
  6134 | D:6      | Reached skill level 8 in Unarmed Combat
  6134 | D:6      | Reached XP level 9. HP: 19/50 MP: 8/10
  6785 | D:7      | Found a glowing silver altar of Zin.
  6994 | D:7      | Found a hazy altar of Hepliaklqana.
  7262 | D:7      | Reached skill level 9 in Unarmed Combat
  7422 | D:7      | Noticed Pikel
  7529 | D:7      | Killed Pikel
  7849 | D:7      | Reached XP level 10. HP: 54/57 MP: 10/12
  8118 | D:7      | Found a staircase to the Ecumenical Temple.
  8904 | D:8      | Found a white marble altar of Elyvilon.
  8949 | D:8      | Noticed a two-headed ogre
  8991 | D:8      | Reached skill level 10 in Unarmed Combat
  9004 | D:8      | Reached ****** piety under Uskayaw
  9357 | D:8      | Found a shimmering altar of Xom.
  9404 | D:8      | Found a blossoming altar of Fedhas.
  9413 | D:8      | Killed a two-headed ogre
  9614 | D:9      | Noticed a kobold demonologist
  9621 | D:8      | Killed a kobold demonologist
  9853 | D:9      | Noticed a catoblepas
  9957 | D:9      | Noticed a two-headed ogre
  9966 | D:9      | Killed a two-headed ogre
  9967 | D:9      | Reached skill level 1 in Evocations
  9982 | D:9      | Found a staircase to the Lair.
  9998 | D:9      | Reached XP level 11. HP: 57/63 MP: 11/15
 10189 | D:9      | Reached skill level 11 in Unarmed Combat
 10316 | D:9      | Noticed a cyclops
 10329 | D:9      | Killed a cyclops
 10330 | D:9      | Reached skill level 10 in Fighting
 10330 | D:9      | Reached skill level 5 in Invocations
 10357 | D:9      | Killed a catoblepas
 10358 | D:9      | Reached skill level 5 in Stealth
 10369 | D:9      | Noticed a centaur warrior
 10386 | D:9      | Killed a centaur warrior
 10491 | D:9      | Noticed a deep elf pyromancer
 10497 | D:9      | Killed a deep elf pyromancer
 10561 | Lair:1   | Entered Level 1 of the Lair of Beasts
 10702 | Lair:1   | Found a bloodstained altar of Trog.
 10702 | Lair:1   | Noticed frimble's ghost (journeyman OpWr)
 10710 | Lair:1   | Noticed a spriggan rider
 10711 | Lair:1   | Noticed a spriggan rider
 10717 | Lair:1   | Found a transporter.
 10733 | Lair:1   | Found a transporter.
 10737 | Lair:1   | Noticed a moth of wrath
 10958 | Lair:1   | Found the +5 Lochaber axe {reach-cleave, Poleaxe Drain}
 11097 | Lair:1   | Reached XP level 12. HP: 55/69 MP: 14/17
 11566 | Lair:2   | Found a staircase to the Snake Pit.
 11580 | Lair:2   | HP: 2/69 [naga/splash of poison (5)]
 11584 | Lair:2   | Reached skill level 12 in Unarmed Combat
 11873 | Lair:2   | Noticed a four-headed hydra
 12298 | Lair:2   | Noticed a five-headed hydra
 12305 | Lair:2   | Killed a five-headed hydra
 12410 | Lair:2   | Killed a four-headed hydra
 12441 | Lair:2   | Reached skill level 5 in Evocations
 12493 | Lair:2   | Found a staircase to the Swamp.
 12873 | Lair:3   | Noticed a death yak
 12881 | Lair:3   | Killed a death yak
 13129 | Lair:3   | Reached skill level 13 in Unarmed Combat
 13241 | Lair:3   | Reached XP level 13. HP: 74/74 MP: 16/18
 13466 | Lair:4   | Noticed Nessos
 14055 | Lair:4   | Your ally Nessos died
 14135 | Lair:4   | Reached skill level 14 in Unarmed Combat
 14508 | Lair:4   | Found a viscous altar of Jiyva.
 14508 | Lair:4   | Found a staircase to the Slime Pits.
 14555 | Lair:5   | Entered Level 5 of the Lair of Beasts
 14829 | Lair:5   | Identified the staff of fire "Huerohy" {rF+ rCorr Str+2}
 14968 | Lair:5   | Reached skill level 15 in Unarmed Combat
 14968 | Lair:5   | Reached XP level 14. HP: 45/83 MP: 14/19
 16125 | D:10     | Entered Level 10 of the Dungeon
 16148 | D:10     | Reached skill level 1 in Spellcasting
 16175 | D:10     | Found Vuizinad's Jewellery Boutique.
 16183 | D:10     | Bought an amulet of regeneration for 480 gold pieces
 16183 | D:10     | Bought a +5 ring of evasion for 576 gold pieces
 16311 | D:10     | Found a basalt altar of Yredelemnul.
 16691 | D:10     | Found a glowing golden altar of the Shining One.
 17457 | D:11     | Noticed Nergalle
 17470 | D:11     | Killed Nergalle
 17995 | D:12     | Found a staircase to the Orcish Mines.
 19210 | D:13     | Learned a level 3 spell: Swiftness
 19257 | D:14     | Found Muc Fyed's Armour Boutique.
 19354 | D:13     | Reached skill level 1 in Air Magic
 19699 | D:14     | Reached skill level 5 in Dodging
 19699 | D:14     | Reached skill level 16 in Unarmed Combat
 19728 | D:14     | Reached XP level 15. HP: 88/88 MP: 22/22
 19746 | D:14     | Found a gate to the Vaults.
 20266 | D:15     | Entered Level 15 of the Dungeon
 20805 | D:15     | Found a staircase to the Depths.
 20815 | D:15     | Reached skill level 15 in Fighting
 21044 | Orc:1    | Entered Level 1 of the Orcish Mines
 21426 | Orc:1    | Noticed Harold
 21435 | Orc:1    | Killed Harold
 21582 | Orc:1    | Reached skill level 1 in Shields
 21663 | Orc:2    | Entered Level 2 of the Orcish Mines
 21663 | Orc:2    | Noticed Donald
 21799 | Orc:2    | Killed Donald
 21805 | Orc:2    | Found a staircase to the Elven Halls.
 21834 | Orc:2    | Noticed Jorgrun
 21843 | Orc:2    | Killed Jorgrun
 21915 | Orc:2    | Found Yciletos's Book Shop.
 22030 | Orc:2    | Found Luarr's General Store.
 22031 | Orc:2    | Found Eshefu's Distillery.
 22624 | Orc:2    | Bought a potion of might for 72 gold pieces
 22626 | Orc:2    | Bought a wand of light (5) for 252 gold pieces
 22715 | Orc:2    | Killed from afar by an orc sorcerer

Illustrated notes

Levels and vault maps discovered:
D:1:      heliophobic_arrival_enchanted_forest, layout_basic,
          minmay_misc_feat_pillars
D:2:      wad_lake_hut, layout_basic, serial_shops, nicolae_shop_hallway_plus,
          uniq_terence, uniq_crazy_yiuf_cottage
D:3:      layout_loops_cross, eat_drink_and_be_merry_uskayaw,
          shapermc_ecumenical_altar_totnotflames, serial_co_window_serial,
          co_window_cross_1, co_window_paths_b, co_window_paths_a,
          co_window_of_opportunity_a, co_window_paths_a, co_window_broadway_b,
          co_window_2corner, co_window_paths_c, co_window_sun, glass_columns_a,
          glass_columns_a, glass_columns_a, glass_columns_c, glass_columns_a
D:4:      layout_basic, mainiacjoe_overflow_24_doors, kiku_gazebo_garden_becter,
          nicolae_grassy_gnolls
D:5:      layout_loops_ring, serial_shops, nicolae_shop_real_fake_doors
D:6:      layout_basic, minmay_misc_feat_ornament, serial_bayou_lake_a,
          uniq_maggie
D:7:      layout_layer_cave, mainiacjoe_overflow_surrounded_room,
          lemuel_doored_altar, minmay_temple_entry_grid, uniq_pikel
D:8:      layout_gridville, elyvilon_altar_5, fedhas_altar_1, xom_butterflies
D:9:      layout_rooms, lair_entry_dummy, minmay_diamond_spiral
D:10:     layout_layer_cave, lemuel_mausoleum_altar_yredelemnul,
          amcnicky_altar_gilded, serial_shops, shop
D:11:     layout_roguey, minmay_tree_intersection, uniq_nergalle
D:12:     layout_loops_ring, minmay_orc_entry_temple_small,
          hangedman_decor_lopped
D:13:     layout_irregular_city, drop_trap, nicolae_lava_and_water
D:14:     layout_loops_ring, david_vaults_1, serial_shops,
          nicolae_shop_tiny_statue_garden
D:15:     grunt_enter_depths_snipers, layout_small_grid,
          nicolae_figureground_pulse
Lair:1:   layout_loops_ring, gammafunk_ghost_wrathful_warriors,
          chequers_serial_rivers_micro_b
Lair:2:   layout_cave_pods, skrybe_swamp_entry_bodies,
          minmay_snake_entry_guardpost_large
Lair:3:   layout_gridlike, lemuel_another_geyser
Lair:4:   layout_misc_corridors, minmay_slime_entry_oklob_enclosed,
          infiniplex_staircase_pool_2, uniq_nessos
Lair:5:   hangedman_lair_caniforms_friends, layout_gridlike,
          minmay_lair_oklob_items, serial_bayou_shore_a
Orc:1:    cheibrodos_orc_bank, layout_diamond_mine, serial_shops, shop,
          nicolae_orc_crystal_geode, uniq_harold
Orc:2:    pf_orc_diabolical, layout_diamond_mine, serial_shops, shop,
          uniq_jorgrun, uniq_donald

Skill      XL: |  1  2  3  4  5  6  7  8  9 10 11 12 13 14 15 |
---------------+----------------------------------------------+-----
Fighting       | 2 3 4 5 7 8 9 10 11 13 14 15 | 15.2
Throwing       | 2 3 |  3.0
Dodging        | 3 5 6 |  6.0
Unarmed Combat | 4 5 6 8 9 10 11 13 15 16 | 16.6
Invocations    | 2 4 6 |  6.5
Stealth        | 4 7 8 |  8.0
Evocations     | 1 4 6 |  6.0
Spellcasting   | 4 |  4.7
Air Magic      | 2 4 |  4.7
Shields        | 2 |  2.1

Action                     |  1- 3 |  4- 6 |  7- 9 | 10-12 | 13-15 || total
---------------------------+-------+-------+-------+-------+-------++-------
  Melee: Unarmed           |   118 |   203 |   291 |   393 |  1098 ||  2103
         Bite              |    24 |    58 |    93 |   173 |   452 ||   800
         Punch             |     2 |     8 |    12 |    34 |    75 ||   131
  Throw: Throwing net      |     1 |     3 |       |       |     1 ||     5
         Dart              |       |       |     3 |     7 |    26 ||    36
         Javelin           |       |       |       |       |     1 ||     1
 Invoke: Line Pass         |       |       |       |     1 |     2 ||     3
         Stomp             |       |       |       |     1 |       ||     1
         Grand Finale      |       |       |       |       |     1 ||     1
  Evoke: Wand              |       |     3 |     3 |    16 |    14 ||    36
         Tin of tremorston |       |       |       |       |     2 ||     2
         Lightning rod     |       |       |       |       |     1 ||     1
    Use: Scroll            |       |    10 |    10 |     4 |    12 ||    36
         Potion            |       |       |       |     2 |       ||     2
   Stab: Paralysed         |       |     4 |    12 |    32 |    81 ||   129
         Sleeping          |       |     1 |       |     6 |    14 ||    21
         Confused          |       |       |       |     2 |     1 ||     3
         Distracted        |       |       |       |     1 |     1 ||     2
         Held in net/web   |       |       |       |       |     3 ||     3
 Armour: Leather armour    |    12 |       |       |       |       ||    12
         Ring mail         |    33 |    70 |    75 |       |       ||   178
         Steam dragon scal |       |       |    38 |     5 |       ||    43
         Skin              |       |       |     3 |       |       ||     3
         Scale mail        |       |       |       |   119 |   367 ||   486
  Dodge: Dodged            |    61 |   123 |   169 |   170 |   495 ||  1018
  Block: Other             |       |     8 |    56 |    71 |   127 ||   262
         Reflection        |       |       |     3 |     7 |    15 ||    25
         Buckler           |       |       |       |       |   209 ||   209

Table legend: (Time is in decaauts)
 A = Elapsed time spent in this place.
 B = Non-inter-level travel time spent in this place.
 C = Inter-level travel time spent in this place.
 D = Time resting spent in this place.
 E = Time spent auto-exploring this place.
 F = Levels seen in this place.
 G = Mean time per level.
                   A        B        C        D        E       F      G
               +--------+--------+--------+--------+--------+-----+--------+
         Total |  22378 |  21526 |    852 |   3425 |  12876 |  22 | 1017.2 |
       Dungeon |  15355 |  14754 |    601 |   2397 |   9288 |  15 | 1023.7 |
          Lair |   5425 |   5223 |    202 |    765 |   2848 |   5 | 1085.0 |
  Orcish Mines |   1598 |   1550 |     48 |    263 |    739 |   2 |  799.0 |
               +--------+--------+--------+--------+--------+-----+--------+

Top non-repeatable levels by time:
     D:6: 1924 daAuts
     D:7: 1714 daAuts
     D:2: 1474 daAuts
  Lair:5: 1416 daAuts
  Lair:2: 1197 daAuts
    D:10: 1190 daAuts
     D:8: 1149 daAuts
     D:3: 1148 daAuts
    D:13: 1007 daAuts
  Lair:4: 967 daAuts
  Lair:1: 942 daAuts
     D:1: 904 daAuts
  Lair:3: 901 daAuts
   Orc:2: 884 daAuts
     D:5: 775 daAuts
